 Dungeon Crawl Stone Soup version 0.29-a0-993-g4a18f31a58 (webtiles) character file.

Game seed: 956636327991010378

88481 Spectrina the Thaumaturge (level 16, -12/118 HPs)
             Began as a Djinni Venom Mage on Aug 1, 2022.
             Was a Believer of Yredelemnul.
             Killed from afar by an ironbound frostheart (20 damage)
             ... by creeping frost
             ... in an ice cave on Aug 2, 2022.
             The game lasted 03:11:08 (14702 turns).

Spectrina the Thaumaturge (Djinni Venom Mage)      Turns: 14702, Time: 03:11:09

Health: -12/118    AC: 13    Str:  7    XL:     16   Next: 40%
Gold:   1446       EV: 26    Int: 34    God:    Yredelemnul [**....] SH:  3 Dex: 16

rFire   + + +      SeeInvis .   t - staff of cold
rCold   + . .      Faith    .   O - +0 buckler
rNeg    . . .      Spirit   .   w - +1 leather armour "Wetrorho" {Int+5}
rPois   ∞          Reflect  .   D - +2 hat {Stlth+}
rElec   .          Harm     .   V - scarf {rC+ rF+}
rCorr   .          Rampage  .   z - +2 pair of gloves {Stlth+}
Will    +....                   (boots unavailable)
Stlth   +++++++...              q - amulet of the acrobat
HPRegen 0.29/turn               a - +4 ring of protection
MPRegen 0.00/turn               k - +6 ring of intelligence

@: acrobatic, flying
A: sickness immunity, fire resistance 2, cold vulnerability 1, float, innate
caster, HP casting, extra vitality 1
a: Renounce Religion, Recall Undead Harvest, Dark Bargain


You were in an ice cave.
You worshipped Yredelemnul.
Yredelemnul was pleased with you.
You visited 5 branches of the dungeon, and saw 21 of its levels.
You also visited: Ossuary and Ice Cave.

You collected 2120 gold pieces.
You spent 674 gold pieces at shops.

Inventory:

Hand Weapons
 b - a +1 whip of electrocution
 e - the +5 dagger "Foazest" {flame, Will+++ Dex+5}
   (You found it on level 6 of the Dungeon)

   It burns those it strikes, dealing additional fire damage.
   Dex:       It affects your dexterity (+5).
   Will:      It greatly increases your willpower.
 L - a +4 shortbow
 S - a +2 antimagic glaive
Missiles
 X - a throwing net (quivered)
Armour
 w - the +1 leather armour "Wetrorho" (worn) {Int+5}
   (You bought it in a shop on level 2 of the Orcish Mines)

   Int:       It affects your intelligence (+5).
 z - a +2 pair of gloves of stealth (worn)
 C - a +0 cloak
 D - a +2 hat of stealth (worn)
 O - a +0 buckler (worn)
 V - a scarf of resistance (worn)
 Z - the +1 ring mail "Pyap" {rElec}
   (You found it on level 1 of the Spider Nest)

   rElec:     It insulates you from electricity.
Magical Staves
 r - a staff of poison
 t - a staff of cold (weapon)
 A - a staff of earth
Jewellery
 a - a +4 ring of protection (left hand)
 g - a +6 ring of strength
 k - a +6 ring of intelligence (right hand)
 q - an amulet of the acrobat (around neck)
 W - the macabre finger necklace {rN+}
   (You found it on level 5 of the Lair of Beasts)

   [amulet of nothing]

   It enables you to equip an extra ring.
   rN:        It protects you from negative energy.
Wands
 o - a wand of mindburst (10)
 y - a wand of quicksilver (21)
 E - a wand of digging (13)
 J - a wand of iceblast (16)
 P - a wand of paralysis (14)
 Q - a wand of polymorph (8)
 Y - a wand of flame (12)
Scrolls
 c - 8 scrolls of fear
 j - 10 scrolls of teleportation
 l - 4 scrolls of torment
 m - 2 scrolls of poison
 p - 2 scrolls of vulnerability
 s - 4 scrolls of immolation
 x - a scroll of blinking
 G - 3 scrolls of enchant weapon
 I - 5 scrolls of magic mapping
 M - 2 scrolls of identify
 R - 2 scrolls of silence
Potions
 d - 6 potions of haste
 f - 2 potions of ambrosia
 h - 6 potions of attraction
 i - 3 potions of might
 n - 2 potions of cancellation
 u - 7 potions of curing
 v - 5 potions of invisibility
 B - 2 potions of heal wounds
 F - 2 potions of resistance
 H - 3 potions of brilliance
 K - 2 potions of berserk rage
 N - 3 potions of lignification
 U - 3 potions of mutation
Miscellaneous
 T - a piece from Xom's chessboard (15/15)


   Skills:
 + Level 12.2 Fighting
 - Level 2.1 Dodging
 + Level 11.9 Stealth
 * Level 14.3 Spellcasting
 + Level 12.7 Invocations


You had 9 spell levels left.
You knew the following spells:

 Your Spells              Type           Power      Damage    Failure   Level
a - Sting                 Tmut/Pois      100%       1d8       0%          1
b - Blink                 Tloc           100%       N/A       0%          2
d - Dispel Undead         Necr           89%        3d28      1%          4
l - Lesser Beckoning      Tloc           89%        N/A       1%          3
m - Mephitic Cloud        Conj/Pois/Air  89%        N/A       1%          3
p - Summon Mana Viper     Hex/Summ       89%        N/A       1%          5
q - Poisonous Vapours     Pois/Air       100%       N/A       0%          2
r - Olgreb's Toxic Radia  Pois           89%        N/A       1%          4
M - Simulacrum            Ice/Necr       55%        N/A       1%          6
T - Beastly Appendage     Tmut           100%       N/A       0%          1
Y - Spider Form           Tmut/Pois      89%        N/A       1%          3
Your spell library was empty.

Dungeon Overview and Level Annotations

Branches:
Dungeon (10/15)            Temple (1/1) D:6            Lair (5/5) D:9
  Swamp (0/4) Lair:2       Spider (3/4) Lair:2        Slime (0/5) Lair:4
    Orc (2/2) D:10            Elf (0/3) Orc:2       Ossuary (visited)
  IceCv (1/1)

Altars:
Dithmenos
Hepliaklqana
Makhleb
Nemelex Xobeh
Okawaru
Ru
Uskayaw
Yredelemnul
Jiyva

Shops:
Orc:1 =   Orc:2 [**([

Annotations:
D:4 Duvessa
D:9 Psyche


Innate Abilities, Weirdness & Mutations

You are immune to sickness and miasma.
You are immune to poison.
Your flesh is very heat resistant. (rF++)
You are vulnerable to cold. (rC-)
You float through the air rather than walking.
You learn spells naturally, not from books.
Your magical power is your life essence.
You have superior vitality. (+4 MHP)


Message History

The ironbound frostheart calls freezing cold from the walls.
The frost grips you!! You partially resist.
* * * LOW HITPOINT WARNING * * *
You are encased in ice.
The frost grips your polar bear zombie!!
Your polar bear zombie partially resists.
Your polar bear zombie is destroyed!
The frost grips your polar bear zombie!!
Your polar bear zombie partially resists.
The frost grips your polar bear zombie!!
Your polar bear zombie partially resists.
Unknown command.
Press: ? - help, v - describe, . - travel, g - get item
Here: an ironbound frostheart, wearing a +0 scale mail (heavily wounded, extremely poisoned, ally target) Item here: a +0 scale mail.
The floor, spattered with blood.
Unknown command.
Unknown command.
Unknown command.
What are your orders? t - Shout!
Orders for allies: a - Attack new target. r - Retreat! s - Stop attacking. g - Guard the area. f - Follow me.
Anything else - Cancel.
Guard this area!
The ice encasing you melts away.
Your polar bear zombie bites the ironbound frostheart but does no damage.
Your polar bear zombie claws the ironbound frostheart.
Your polar bear zombie claws the ironbound frostheart but does no damage.
Your ironbound frostheart zombie barely misses the ironbound frostheart.
The ironbound frostheart barely misses your ironbound frostheart zombie.
Your polar bear zombie completely misses the ironbound frostheart.
Your polar bear zombie closely misses the ironbound frostheart.
Your polar bear zombie misses the ironbound frostheart.
Your ironbound frostheart zombie barely misses the ironbound frostheart.
The ironbound frostheart calls freezing cold from the walls.
The frost grips you!! You partially resist.
You die...
Your body rises from the dead as a mindless zombie.

#.#.Z⌠.Z.##.##.##
#..#..######.#p#
#.##.## ###.ZZ#
#.#### #.#..## ##.#
##...## #.##
#...##### #Z.##
##.#####.#
##Z.###.## ##.#.#..
##.Z##@.# ##..#...#
#.###...###.Z....##
##.÷..#.##Z.##..##
##..###.#...##..#
#.## #..Z...##.#
#..##...#...# ..#
##...#.##.⌠.# .#
#..#.###...## . #
##.##.##....## ..


You could see an ironbound frostheart (very poisoned, ally target), a friendly
polar bear zombie and a friendly ironbound frostheart zombie.

Vanquished Creatures
  Gastronok (D:9)
  A broodmother (Spider:2)
  A boulder beetle (Lair:4)
  A catoblepas (Lair:5)
  4 death yaks
  An orc high priest (Orc:2)
  An orb spider (Spider:2)
  A spriggan simulacrum (Spider:3)
  A steelbarb worm (Spider:1)
  An orc knight (Orc:2)
  3 wolf spiders
  An orc sorcerer (Orc:2)
  3 elephants
  A komodo dragon (Lair:1)
  5 rime drakes
  A redback zombie (Spider:1)
  2 meliai (Spider:1)
  3 polar bears
  13 tarantellas
  5 dream sheep (Lair:5)
  7 jumping spiders
  9 blink frogs
  5 culicivoras
  42 yaks
  2 wyverns
  24 redbacks
  2 basilisks
  5 steam dragons
  A swamp worm (Lair:2)
  A water moccasin (Lair:5)
  19 orc warriors
  5 black bears
  A sky beast (D:7)
  4 ogres
  13 wolves
  4 centaurs
  A phantom (D:6)
  Blork the orc (D:4)
  2 kobold brigands
  3 bullfrogs
  A necrophage (D:6)
  A scorpion (D:5)
  12 killer bees
  5 electric eels
  6 howler monkeys
  5 hounds
  11 orc priests
  Crazy Yiuf (D:6)
  2 jellies
  4 iguanas
  23 orc wizards
  A killer bee zombie (D:9)
  A mummy (Ossuary)
  6 adders
  A shadow imp (D:6)
  A worm (D:2)
  72 orcs
  A spectral bat (Ossuary)
  6 giant cockroaches
  12 gnoll zombies (Ossuary)
  7 goblins
  5 hobgoblins
  15 kobolds
  2 quokkas (D:1)
  4 ball pythons
  3 bats
  2 bat simulacra (Ossuary)
  2 frilled lizards
  5 goblin simulacra (Ossuary)
  5 goblin zombies (Ossuary)
  3 hobgoblin zombies (Ossuary)
  6 kobold simulacra (Ossuary)
  5 kobold zombies (Ossuary)
  10 orc zombies
  3 rats (D:3)
  A rat simulacrum (Ossuary)
  3 spectral goblins (Ossuary)
  2 spectral kobolds (Ossuary)
  A spectral rat (Ossuary)
457 creatures vanquished.

Vanquished Creatures (collateral kills)
  An emperor scorpion (Spider:1)
  An orc warlord (Orc:2)
  4 entropy weavers
  A white draconian (IceCv)
  A boulder beetle (Spider:1)
  A catoblepas (Lair:3)
  A jorogumo (Spider:1)
  A hydra (Lair:3)
  An ironbound frostheart (IceCv)
  A radroach (Spider:1)
  8 death yaks
  2 orc high priests (Orc:2)
  A spectral deep troll (Orc:1)
  A pharaoh ant (Spider:1)
  A steelbarb worm (Spider:2)
  2 spriggan simulacra (Spider:3)
  An orc knight (Orc:1)
  A lindwurm (Lair:5)
  4 oklob plants (Lair:4)
  2 ugly things (IceCv)
  An orc sorcerer (Orc:2)
  6 wolf spiders
  3 elephants
  4 black mambas
  A gargoyle (D:10)
  9 cane toads
  3 torpor snails
  12 rime drakes
  5 komodo dragons
  A troll (Orc:1)
  12 polar bears
  2 tarantellas
  3 tyrant leeches (Lair:2)
  4 blink frogs
  4 dream sheep (Lair:5)
  3 culicivoras
  5 jumping spiders
  3 wyverns
  27 yaks
  9 redbacks
  4 vampire mosquitoes (D:10)
  2 basilisks
  2 minotaur simulacra (Spider:3)
  A harpy simulacrum (Spider:3)
  3 wargs
  15 water moccasins
  11 orc warriors
  A black bear (Lair:5)
  2 ogres (Orc:1)
  A centaur (D:9)
  7 wolves
  6 bullfrogs
  2 deep troll simulacra (Spider:3)
  5 wights (D:9)
  3 orc priests
  12 jellies (Lair:4)
  2 orc wizards (Orc:1)
  11 orcs
  2 endoplasms (Lair:4)
245 creatures vanquished.

Vanquished Creatures (others)
  A jumping spider zombie (Spider:1)
  2 ugly thing zombies (IceCv)
  A black mamba zombie (Lair:5)
  2 cane toad zombies
  5 blink frog zombies
  A wolf (Lair:2)
  6 rime drake zombies (IceCv)
  A komodo dragon zombie (Lair:3)
  A wyvern zombie (Lair:2)
  2 water moccasin zombies
  A warg zombie (Orc:1)
  7 polar bear zombies (IceCv)
  8 yak zombies
  7 wolf zombies
  3 bullfrog zombies
  2 basilisk zombies
  A black bear zombie (Lair:5)
  5 killer bee zombies
  An ogre zombie (Orc:1)
  A howler monkey zombie (D:8)
  An iguana zombie (D:6)
  5 jelly zombies (Lair:4)
  39 orc zombies
  A spectral shadow imp (D:6)
  An endoplasm zombie (Lair:4)
  3 kobold zombies (D:9)
  43 fungi
  91 plants
242 creatures vanquished.

Grand Total: 944 creatures vanquished

Notes
Turn   | Place    | Note
-------+----------+-------------------------------------------
     0 | D:1      | Spectrina the Djinni Venom Mage began the quest for the
                  | Orb.
     0 | D:1      | Spectrina set off with the following spells memorised:
                  | Sting, Poisonous Vapours, Mephitic Cloud, Olgreb's Toxic
                  | Radiance.
     0 | D:1      | Reached XP level 1. HP: 15/15 MP: 0/0
    75 | D:2      | Reached XP level 2. HP: 3/21 MP: 0/0
   259 | D:1      | Reached skill level 3 in Spellcasting
   414 | D:2      | Reached XP level 3. HP: 21/25 MP: 0/0
   414 | D:2      | Learned a level 1 spell: Beastly Appendage
   506 | D:4      | Noticed Blork the orc
   620 | D:3      | Reached XP level 4. HP: 26/31 MP: 0/0
   923 | D:4      | Noticed a black bear
  1242 | D:4      | Noticed Duvessa
  1261 | D:4      | Reached skill level 4 in Spellcasting
  1261 | D:4      | Reached XP level 5. HP: 18/36 MP: 0/0
  1261 | D:4      | Learned a level 2 spell: Blink
  1394 | D:4      | Reached skill level 1 in Invocations
  1454 | D:5      | Entered Level 5 of the Dungeon
  1468 | D:5      | Reached skill level 1 in Fighting
  1551 | D:5      | Reached XP level 6. HP: 23/42 MP: 0/0
  1652 | D:5      | Noticed an ogre
  1816 | D:5      | Found a sand-covered staircase.
  1820 | Ossuary  | Entered an ossuary
  2042 | Ossuary  | Reached XP level 7. HP: 38/49 MP: 0/0
  2042 | Ossuary  | Learned a level 3 spell: Spider Form
  2318 | D:4      | Killed Blork the orc
  2332 | D:4      | Reached skill level 5 in Spellcasting
  2688 | D:6      | Reached XP level 8. HP: 13/55 MP: 0/0
  3178 | D:7      | Reached skill level 6 in Spellcasting
  3401 | D:7      | Reached XP level 9. HP: 37/62 MP: 0/0
  3401 | D:7      | Learned a level 3 spell: Lesser Beckoning
  3435 | D:6      | Found a staircase to the Ecumenical Temple.
  3448 | Temple   | Entered the Ecumenical Temple
  3452 | Temple   | Became a worshipper of Yredelemnul the Dark
  3623 | D:6      | Identified the +5 dagger "Foazest" {flame, Will+++ Dex+5}
  3766 | D:6      | Found a runed translucent door.
  3767 | D:6      | Noticed Crazy Yiuf
  3779 | D:6      | Killed Crazy Yiuf
  3949 | D:5      | Reached * piety under Yredelemnul
  3953 | D:5      | Reached ** piety under Yredelemnul
  4481 | D:8      | Reached skill level 5 in Fighting
  4481 | D:8      | Reached skill level 5 in Stealth
  4481 | D:8      | Reached skill level 5 in Invocations
  4547 | D:8      | Found a burning altar of Makhleb.
  4556 | D:8      | Reached skill level 7 in Spellcasting
  4581 | D:8      | Reached XP level 10. HP: 27/70 MP: 0/0
  4582 | D:8      | Reached *** piety under Yredelemnul
  4644 | D:8      | Reached **** piety under Yredelemnul
  4709 | D:8      | Found a sacrificial altar of Ru.
  4967 | D:8      | Reached ***** piety under Yredelemnul
  5235 | D:10     | Entered Level 10 of the Dungeon
  5348 | D:9      | Noticed a two-headed ogre
  5404 | D:9      | Reached skill level 8 in Spellcasting
  5476 | D:9      | Noticed Psyche
  5491 | D:9      | Noticed Gastronok
  5600 | D:9      | Found a staircase to the Lair.
  5688 | D:9      | Reached XP level 11. HP: 49/78 MP: 0/0
  5688 | D:9      | Learned a level 4 spell: Dispel Undead
  5843 | D:9      | Killed Gastronok
  5892 | Lair:1   | Entered Level 1 of the Lair of Beasts
  5899 | Lair:1   | Reached skill level 9 in Spellcasting
  6107 | Lair:1   | Reached ****** piety under Yredelemnul
  6210 | Lair:1   | Noticed a boulder beetle
  6358 | Lair:1   | Reached XP level 12. HP: 69/86 MP: 0/0
  6513 | Lair:1   | Killed a boulder beetle
  6513 | Lair:1   | Enslaved a boulder beetle
  6612 | Lair:1   | Reached skill level 10 in Spellcasting
  6938 | Lair:2   | Found a hole to the Spider Nest.
  7348 | Lair:3   | Noticed a catoblepas
  7357 | Lair:3   | Reached XP level 13. HP: 62/94 MP: 0/0
  7357 | Lair:3   | Learned a level 5 spell: Summon Mana Viper
  7360 | Lair:3   | Killed a catoblepas
  7409 | Lair:3   | Noticed a five-headed hydra
  7423 | Lair:3   | Killed a five-headed hydra
  7518 | Lair:3   | Reached skill level 11 in Spellcasting
  7929 | Lair:4   | Reached skill level 10 in Fighting
  7929 | Lair:4   | Reached skill level 10 in Invocations
  7938 | Lair:4   | Upgraded the game from 0.29-a0-973-gac7da5f7f0 to
                  | 0.29-a0-982-gaed3a0c8d8
  8219 | Lair:4   | Noticed a boulder beetle
  8237 | Lair:4   | Killed a boulder beetle
  8342 | Lair:4   | Found a staircase to the Slime Pits.
  8342 | Lair:4   | Found a viscous altar of Jiyva.
  8375 | Lair:4   | Reached XP level 14. HP: 36/103 MP: 0/0
  8554 | Lair:4   | Reached skill level 12 in Spellcasting
  8695 | Lair:2   | Found a staircase to the Swamp.
  8930 | Lair:5   | Entered Level 5 of the Lair of Beasts
  8994 | Lair:5   | Reached skill level 10 in Stealth
  9866 | Lair:5   | Found the macabre finger necklace {rN+}
 10200 | D:10     | Found a shadowy altar of Dithmenos.
 10280 | D:10     | Found a staircase to the Orcish Mines.
 10535 | Orc:1    | Entered Level 1 of the Orcish Mines
 10820 | Orc:1    | Reached skill level 13 in Spellcasting
 10829 | Orc:1    | Found Zagot's Jewellery Boutique.
 10911 | Orc:1    | Reached XP level 15. HP: 23/109 MP: 0/0
 10911 | Orc:1    | Learned a level 6 spell: Simulacrum
 10987 | Orc:2    | Entered Level 2 of the Orcish Mines
 11065 | Orc:2    | Found Juteaj's Mayhem Merchandise.
 11136 | Orc:2    | Found a staircase to the Elven Halls.
 11589 | Orc:2    | Found Ykofy's General Store.
 11602 | Orc:2    | Bought a scroll of identify for 30 gold pieces
 11602 | Orc:2    | Bought a potion of brilliance for 60 gold pieces
 11718 | Orc:2    | Found Vyxaubri's Armour Shoppe.
 11801 | Orc:2    | Noticed an orc warlord
 11812 | Orc:2    | Killed an orc warlord
 11867 | Orc:2    | Found Imaucud's Antique Armour Shop.
 11871 | Orc:2    | Found Itaq's Antique Weapon Boutique.
 11888 | Orc:2    | Bought a twisted leather armour for 224 gold pieces
 11888 | Orc:2    | Identified the +1 leather armour "Wetrorho" {Int+5} (You
                  | bought it in a shop on level 2 of the Orcish Mines)
 11888 | Orc:2    | Bought a pair of runed gloves for 240 gold pieces
 11954 | Orc:2    | Bought a potion of ambrosia for 120 gold pieces
 12192 | Spider:1 | Entered Level 1 of the Spider Nest
 12455 | Spider:1 | Noticed an emperor scorpion
 12463 | Spider:1 | Killed an emperor scorpion
 12870 | Spider:1 | Found a hide-covered altar of Uskayaw.
 12965 | Spider:1 | Noticed a broodmother
 12970 | Spider:1 | Killed a broodmother
 12970 | Spider:1 | Enslaved a broodmother
 13039 | Spider:1 | Identified the +1 ring mail "Pyap" {rElec}
 13375 | Spider:2 | Noticed Frances
 13376 | Spider:2 | Upgraded the game from 0.29-a0-982-gaed3a0c8d8 to
                  | 0.29-a0-993-g4a18f31a58
 13389 | Spider:2 | Killed Frances
 13389 | Spider:2 | Enslaved Frances
 13528 | Spider:2 | Reached skill level 14 in Spellcasting
 13528 | Spider:2 | Reached XP level 16. HP: 111/118 MP: 0/0
 13968 | Spider:3 | Found a frozen archway.
 14022 | IceCv    | Entered an ice cave
 14702 | IceCv    | Killed from afar by an ironbound frostheart

Illustrated notes

Levels and vault maps discovered:
D:1:      minmay_arrival_four_loops, layout_loops_cross, hex_tiny,
          nicolae_eternal_life
D:2:      layout_rooms
D:3:      layout_basic
D:4:      layout_loops_ring, mainiacjoe_overflow_brackets, item_on_display_a,
          uniq_sigmund, uniq_blork_the_orc, uniq_duvessa
D:5:      layout_basic, nicolae_ossuary_entry_plus
D:6:      layout_loops_corners, minmay_temple_entry_stoned_glass, minivault_4,
          dk_noncrumbling_4, kennysheep_generic_room_7, uniq_crazy_yiuf_cottage,
          uniq_pikel
D:7:      layout_basic
D:8:      layout_gridville, mainiacjoe_overflow_chevrons,
          nicolae_ru_awakened_eye
D:9:      layout_basic, marbit_many_paths, dpeg_oklobed_lair, uniq_gastronok,
          uniq_psyche
D:10:     layout_small_grid, nicolae_dithmenos_shadow_blocks, orc_0_dummy
Temple:   nicolae_temple_bog_church
Lair:1:   layout_gridlike, serial_bayou_ford_a, grunt_forest_small_clearings,
          grunt_megastairs_5
Lair:2:   layout_chaotic_city, minmay_swamp_entry_worms,
          nicolae_spider_entry_tight_spaces, serial_bayou_lagoon_a,
          grunt_megastairs_2
Lair:3:   layout_regular_city, serial_bayou_pond_b, grunt_forest_stairs_basic,
          grunt_megastairs_1
Lair:4:   minmay_lair_oklob_chamber, layout_concentric_octagons,
          minmay_slime_entry_jelly_boxes, lemuel_fruit_fields,
          infiniplex_staircase_pool
Lair:5:   grunt_lair_end_beastmaster, layout_long_grid
Spider:1: layout_chambers, nicolae_spider_altar_of_dancing,
          hangedman_spider_tarantella_strand
Spider:2: layout_spider_delve, drop_trap, uniq_frances
Spider:3: layout_cave_pods, portal_ice_cave_entry_ice_simulacra, uniq_asterion,
          uniq_kirke, uniq_louise
Orc:1:    layout_caves, serial_shops, nicolae_lakefront_shop,
          nicolae_orc_tapped_out
Orc:2:    grunt_orc_community_town_hall, layout_caves,
          grunt_orc_community_big_house_2, grunt_orc_community_big_house_1,
          grunt_orc_community_house_2, grunt_orc_community_house_3,
          grunt_orc_community_house_1, grunt_orc_community_house_1, basic_altar,
          minmay_shop_mayhem, minmay_orc_temple_a
IceCv:    ice_cave_caverns_03

Skill      XL: |  1  2  3  4  5  6  7  8  9 10 11 12 13 14 15 16 |
---------------+-------------------------------------------------+-----
Spellcasting   | 3 4 5 6 7 8 9 10 11 13 14 | 14.3
Invocations    | 1 2 4 5 6 7 9 10 11 12 | 12.7
Fighting       | 1 2 4 5 6 7 9 10 11 12 | 12.2
Stealth        | 2 3 4 5 6 7 8 9 10 11 | 11.9
Dodging        | |  2.1

Action                   |  1- 3 |  4- 6 |  7- 9 | 10-12 | 13-15 | 16-18 || total
-------------------------+-------+-------+-------+-------+-------+-------++-------
Melee: Unarmed           |     8 |       |       |       |       |       ||     8
       Whip              |    10 |   103 |    91 |       |       |       ||   204
       Headbutt          |     1 |    18 |    15 |       |       |       ||    34
       Punch             |       |     2 |     1 |       |       |       ||     3
       Dagger            |       |       |    13 |    20 |       |     1 ||    34
       Staff             |       |       |       |     2 |     3 |       ||     5
 Cast: Sting             |    26 |    17 |    22 |       |    29 |     1 ||    95
       Poisonous Vapours |    10 |    31 |    58 |    60 |   109 |    26 ||   294
       Beastly Appendage |     1 |    13 |    13 |     2 |     1 |       ||    30
       Olgreb's Toxic Ra |       |     1 |    12 |    65 |   132 |    16 ||   226
       Mephitic Cloud    |       |       |    11 |     8 |    11 |     4 ||    34
       Blink             |       |       |       |     3 |       |       ||     3
       Lesser Beckoning  |       |       |       |     1 |     4 |       ||     5
       Summon Mana Viper |       |       |       |       |    27 |     8 ||    35
       Spider Form       |       |       |       |       |       |     1 ||     1
Invok: Recall Undead Har |       |       |       |     8 |    11 |     3 ||    22
       Drain Life        |       |       |       |     1 |     3 |       ||     4
       Bind Soul         |       |       |       |     1 |     5 |       ||     6
       Dark Bargain      |       |       |       |       |    19 |       ||    19
 Abil: End Transformatio |       |       |       |       |       |     1 ||     1
Evoke: Wand              |       |       |       |     1 |     1 |     6 ||     8
  Use: Potion            |     2 |     1 |       |       |       |       ||     3
       Scroll            |       |     4 |     9 |     5 |    11 |       ||    29
 Stab: Sleeping          |       |     8 |     2 |     1 |       |       ||    11
       Confused          |       |       |     1 |       |       |       ||     1
       Paralysed         |       |       |       |       |       |     1 ||     1
Armor: Robe              |       |     1 |       |       |     2 |       ||     3
       Ring mail         |       |    23 |    37 |    11 |    18 |       ||    89
       Leather armour    |       |       |       |       |     3 |     6 ||     9
Dodge: Dodged            |    19 |    46 |    71 |    45 |    67 |    18 ||   266
Block: Buckler           |       |       |       |     2 |    11 |     6 ||    19

Table legend: (Time is in decaauts)
 A = Elapsed time spent in this place.
 B = Non-inter-level travel time spent in this place.
 C = Inter-level travel time spent in this place.
 D = Time resting spent in this place.
 E = Time spent auto-exploring this place.
 F = Levels seen in this place.
 G = Mean time per level.
                   A        B        C        D        E       F      G
               +--------+--------+--------+--------+--------+-----+--------+
         Total |  14727 |  13445 |   1282 |     27 |      0 |  23 |  640.3 |
       Dungeon |   6204 |   5834 |    370 |      0 |      0 |  10 |  620.4 |
        Temple |      8 |      8 |      0 |      0 |      0 |   1 |    8.0 |
          Lair |   4076 |   3731 |    345 |     27 |      0 |   5 |  815.2 |
   Spider Nest |   1834 |   1427 |    407 |      0 |      0 |   3 |  611.3 |
  Orcish Mines |   1534 |   1375 |    159 |      0 |      0 |   2 |  767.0 |
       Ossuary |    385 |    385 |      0 |      0 |      0 |   1 |  385.0 |
      Ice Cave |    681 |    681 |      0 |      0 |      0 |   1 |  681.0 |
               +--------+--------+--------+--------+--------+-----+--------+

Top non-repeatable levels by time:
   Orc:2: 1047 daAuts
     D:9: 997 daAuts
Spider:1: 964 daAuts
  Lair:5: 962 daAuts
  Lair:1: 830 daAuts
     D:6: 829 daAuts
  Lair:4: 825 daAuts
Spider:2: 814 daAuts
     D:5: 788 daAuts
  Lair:3: 752 daAuts
     D:8: 746 daAuts
  Lair:2: 706 daAuts
   IceCv: 681 daAuts
     D:4: 663 daAuts
     D:7: 549 daAuts
